 Dungeon Crawl Stone Soup version 0.21-a0-471-gd587bd5 (webtiles) character file.

907 Ijustatesigmund the Skirmisher (level 8, -6/58 HPs)
             Began as an Octopode Artificer on Nov 21, 2017.
             Mangled by a two-headed ogre
             ... wielding a +0 giant club
              (17 damage)
             ... on level 5 of the Dungeon.
             The game lasted 00:14:08 (4622 turns).

Ijustatesigmund the Skirmisher (Octopode Artificer) Turns: 4622, Time: 00:14:08

Health: -6/58      AC:  1    Str: 11      XL:     8   Next: 8%
Magic:  10/10      EV: 15    Int: 16      God:
Gold:   175        SH:  0    Dex: 17 (18) Spells: 7/7 levels left

rFire    . . .     SeeInvis .   a - +2 flail (crush)
rCold    . . .     Gourm    .   (no shield)
rNeg     . . .     Faith    .   (helmet restricted)
rPois    +         Spirit   .   (no amulet)
rElec    .         Reflect  .   j - ring of poison resistance
rCorr    .         Harm     .   q - +4 ring of dexterity
MR       .....                  t - +2 ring of intelligence
Stlth    ++++......             (no ring)
HPRegen  0.19/turn              (no ring)
MPRegen  0.12/turn              (no ring)
                                (no ring)
                                (no ring)

@: no status effects
A: almost no armour, stealthy swim, amphibious, 8 rings, constrict 8, camouflage
1, gelatinous body 1
a: no special abilities


You were on level 5 of the Dungeon.
You were not hungry.

You visited 1 branch of the dungeon, and saw 5 of its levels.

You collected 175 gold pieces.

Inventory:

Hand Weapons
 a - a +2 flail of crushing (weapon)
Jewellery
 j - a ring of poison resistance (left tentacle)
 p - an uncursed ring of fire
 q - a +4 ring of dexterity (right tentacle)
 t - a +2 ring of intelligence (on tentacle)
Wands
 b - a wand of flame (14)
 c - a wand of enslavement (10)
 d - a wand of random effects (5)
Scrolls
 e - a scroll of enchant armour
 m - 2 scrolls of magic mapping
 n - 2 scrolls of enchant weapon
 w - a scroll of amnesia
Potions
 h - a potion of lignification
 l - a potion of ambrosia
 o - a potion of invisibility
 r - a potion of mutation {unknown}
 s - a potion of flight {unknown}
 u - a potion of brilliance {unknown}
Comestibles
 f - 5 bread rations
 g - 2 royal jellies
 i - a fruit
 k - 2 meat rations
 v - a chunk of flesh


   Skills:
 - Level 6.6 Fighting
   Level 1.0 Short Blades
 + Level 3.6 Maces & Flails
 - Level 3.7 Dodging
 - Level 4.6 Stealth
 - Level 3.2 Evocations


You had 7 spell levels left.
You didn't know any spells.

Dungeon Overview and Level Annotations

Branches:
Dungeon (5/15)
 Temple: D:4-7

Altars:
Hepliaklqana
Makhleb
Ru
Wu Jian

Annotations:
D:4 Salmacis's ghost, novice FoAK
D:5 4 runed doors


Innate Abilities, Weirdness & Mutations

You cannot wear most types of armour.
You are very stealthy in the water. (Stealth+)
You are amphibious.
You can wear up to eight rings at the same time.
You can use your tentacles to constrict eight enemies at once.
Your skin changes colour to match your surroundings (Stealth+).
Your rubbery body absorbs attacks. (AC +1, EV +1)


Message History

The two-headed ogre resists with some effort.
Evoke which item? (* to show all) (? for menu, Esc to quit)
Aiming: Random Effects
Press: ? - help, Shift-Dir - straight line, f/p - two-headed ogre
Aim: a two-headed ogre, wielding a giant club and a giant spiked club The puff of flame hits the two-headed ogre.
The two-headed ogre is lightly wounded.
The two-headed ogre hits you with a giant club.
The two-headed ogre barely misses you.
You hit the two-headed ogre.
The two-headed ogre is moderately wounded.
The two-headed ogre hits you with a giant club!!
Ouch! That really hurt!
The two-headed ogre hits you with a giant spiked club!
* * * LOW HITPOINT WARNING * * *
You hit the two-headed ogre.
Your squeeze misses the two-headed ogre.
The two-headed ogre is moderately wounded.
The two-headed ogre hits you with a giant club!
You die...

...##...#.##
##.###.##
...#.......#
#.......#
...#...###+#
#'###...# ......##
###...##..# ####..#
#)##.#.#..# #..#
#.#.##.#..# #..#
#.##.#.#.## #..#
#.O###.#.# #..##
####@.†.##.#
#...######..######..#
#.................(##
##..........########
############


You could see a two-headed ogre.

Vanquished Creatures
  Edmund (D:5)
  An ogre (D:5)
  A centaur (D:5)
  Blork the orc (D:5)
  A water moccasin skeleton (D:4)
  A howler monkey (D:3)
  A crimson imp (D:5)
  A quasit (D:5)
  A bullfrog zombie (D:5)
  A centaur skeleton (D:5)
  A worker ant (D:4)
  5 orc wizards
  7 adders
  An ooze (D:4)
  2 worms
  2 dart slugs
  A leopard gecko (D:3)
  10 orcs
  5 giant cockroaches
  6 hobgoblins
  11 jackals
  3 quokkas
  2 ball pythons
  10 bats
  5 frilled lizards
  3 goblins
  6 kobolds
  3 rats
93 creatures vanquished.

Vanquished Creatures (collateral kills)
  An adder (D:4)
  An orc (D:4)
  A jackal (D:2)
  A kobold (D:2)
4 creatures vanquished.

Vanquished Creatures (others)
  An orc priest (D:5)
1 creature vanquished.

Grand Total: 98 creatures vanquished

Notes
Turn   | Place    | Note
-------+----------+-------------------------------------------
     0 | D:1      | Ijustatesigmund the Octopode Artificer began the quest for the Orb.
     0 | D:1      | Reached XP level 1. HP: 13/13 MP: 3/3
   175 | D:1      | Reached skill level 2 in Fighting
   175 | D:1      | Reached XP level 2. HP: 17/19 MP: 4/4
   636 | D:2      | Reached skill level 3 in Fighting
   636 | D:2      | Reached XP level 3. HP: 9/26 MP: 5/5
   891 | D:2      | Found a burning altar of Makhleb.
  1072 | D:2      | Found a sacrificial altar of Ru.
  1115 | D:2      | Found an ornate altar of the Wu Jian Council.
  1130 | D:2      | Reached XP level 4. HP: 23/33 MP: 6/6
  1293 | D:2      | You fall through a shaft!
  1387 | D:2      | Reached skill level 4 in Fighting
  1948 | D:3      | Reached XP level 5. HP: 30/38 MP: 7/7
  2349 | D:4      | Noticed Salmacis's ghost (novice FoAK)
  2612 | D:3      | Reached skill level 5 in Fighting
  2935 | D:4      | Reached XP level 6. HP: 21/46 MP: 8/8
  3138 | D:5      | Entered Level 5 of the Dungeon
  3697 | D:5      | Reached skill level 6 in Fighting
  3701 | D:5      | Reached XP level 7. HP: 29/52 MP: 9/9
  3899 | D:5      | Noticed Edmund
  3907 | D:5      | Killed Edmund
  3938 | D:5      | Found a hazy altar of Hepliaklqana.
  3948 | D:5      | Noticed Blork the orc
  3955 | D:5      | Killed Blork the orc
  3955 | D:5      | Reached skill level 1 in Maces & Flails
  4402 | D:5      | Reached XP level 8. HP: 58/58 MP: 10/10
  4507 | D:5      | Found a large runed door.
  4507 | D:5      | Found a large runed door.
  4593 | D:5      | Found a large runed door.
  4593 | D:5      | Found a large runed door.
  4614 | D:5      | Noticed a two-headed ogre
  4622 | D:5      | Mangled by a two-headed ogre

Vault maps used:
D:1:      onia_arrival_pyramid, hex_medium
D:2:      lemuel_round_altar, lemuel_round_altar,
          nicolae_ru_sacrificial_ziggurat
D:3:      roderic_lattice_a
D:5:      lemuel_doored_altar, first_bread, minmay_hollow_rounded_squares,
          uniq_blork_the_orc, uniq_edmund

Skill      XL: |  1  2  3  4  5  6  7 |
---------------+----------------------+-----
Fighting       | 2 3 4 5 6 |  6.6
Stealth        | 3 4 |  4.6
Dodging        | 3 |  3.7
Maces & Flails | 3 |  3.6
Short Blades   | |  1.0
Evocations     | |  3.2

Action                   |  1- 3 |  4- 6 |  7- 9 || total
-------------------------+-------+-------+-------++-------
Melee: Short sword       |    81 |    99 |     9 ||   189
       Constrict         |    26 |    25 |    10 ||    61
       Tentacles         |    14 |    21 |    11 ||    46
       Flail             |       |       |    34 ||    34
Evoke: Wand              |     1 |     9 |     6 ||    16
  Use: Scroll            |     3 |    10 |     1 ||    14
       Potion            |       |     1 |       ||     1
 Stab: Sleeping          |    11 |     3 |     3 ||    17
       Distracted        |       |     1 |     1 ||     2
       Confused          |       |     2 |       ||     2
  Eat: Chunk             |     1 |     5 |     3 ||     9
       Fruit             |       |     3 |       ||     3
Armor: Skin              |    14 |       |       ||    14
Dodge: Dodged            |    69 |    58 |    49 ||   176

Table legend:
 A = Spawn XP
 B = Non-spawn XP
 C = Spawn XP percentage of total XP
 D = Spawn monster count
 E = Non-spawn monster count
 F = Spawn count percentage of total count
 G = Total turns spent on level
                    A         B        C        D         E        F      G
               +---------+---------+-------+---------+---------+-------+---------
         Total |       0 |    1297 |   0.0 |       0 |      97 |   0.0 |  4622
               +---------+---------+-------+---------+---------+-------+---------
           D:1 |       0 |      24 |   0.0 |       0 |      14 |   0.0 |   780
           D:2 |       0 |      74 |   0.0 |       0 |      29 |   0.0 |   753
           D:3 |       0 |     129 |   0.0 |       0 |      14 |   0.0 |  1307
           D:4 |       0 |     178 |   0.0 |       0 |      14 |   0.0 |   940
           D:5 |       0 |     892 |   0.0 |       0 |      26 |   0.0 |   842
               +---------+---------+-------+---------+---------+-------+---------
